 Dungeon Crawl Stone Soup version 0.28.0-49-g6dfe1f597d (webtiles) character file.

Game seed: 16589039573149441740

289 Eitelfritz the Poker (level 6, -2/46 HPs)
             Began as a Demonspawn Gladiator on May 19, 2022.
             Slain by a white imp (3 damage)
             ... summoned by Eustachio
             ... on level 4 of the Dungeon.
             The game lasted 00:07:29 (2993 turns).

Eitelfritz the Poker (Demonspawn Gladiator)         Turns: 2993, Time: 00:07:30

Health: -2/46      AC:  5    Str: 16    XL:     6   Next: 9%
Magic:  6/6        EV: 11    Int: 10    God:
Gold:   119        SH:  0    Dex: 14    Spells: 5/5 levels left

rFire   . . .      SeeInvis .   a - +0 trident
rCold   . . .      Faith    .   (no shield)
rNeg    . . .      Spirit   .   l - +0 ring mail
rPois   .          Reflect  .   (helmet restricted)
rElec   .          Harm     .   (no cloak)
rCorr   .          Rampage  .   (no gloves)
Will    +....                   (no boots)
Stlth   +.........              (no amulet)
HPRegen 0.15/turn               k - ring of willpower
MPRegen 0.10/turn               (no ring)

@: no status effects
A: horns 2, powered by death 1
a: no special abilities


You were on level 4 of the Dungeon.
You visited 1 branch of the dungeon, and saw 4 of its levels.

You collected 119 gold pieces.

Inventory:

Hand Weapons
 a - a +0 trident (weapon)
 b - a +1 hand axe of flaming
Missiles
 d - 3 throwing nets (quivered)
 g - 4 poisoned darts
Armour
 h - an orb of guile
 l - a +0 ring mail (worn)
Jewellery
 k - a ring of willpower (left hand)
Scrolls
 e - 3 scrolls of identify {unknown}
 i - 2 scrolls of teleportation {unknown}
 n - a scroll of immolation {unknown}
 p - a scroll of vulnerability {unknown}
 r - a scroll of enchant weapon {unknown}
Potions
 c - a potion of attraction {unknown}
 f - 3 potions of curing
 j - a potion of berserk rage {unknown}
 m - 2 potions of resistance {unknown}
 o - 2 potions of might {unknown}
 q - a potion of lignification {unknown}


   Skills:
 + Level 2.9 Fighting
 + Level 4.7 Polearms
 + Level 2.0 Throwing
 + Level 2.3 Armour
 + Level 3.2 Dodging
 + Level 0.3 Stealth


You had 5 spell levels left.
You didn't know any spells.
Your spell library contained the following spells:

 Spells                   Type           Power      Damage    Failure   Level
 Summon Guardian Golem    Hex/Summ       0%         N/A       91%         3
 Orb of Destruction       Conj           0%         9d5       100%        7
 Spellforged Servitor     Conj/Summ      0%         N/A       100%        7


Dungeon Overview and Level Annotations

Branches:
Dungeon (4/15)
 Temple: D:4-7

Altars:
Hepliaklqana
Qazlal
Ru

Shops:
D:1 [

Annotations:
D:4 Eustachio


Innate Abilities, Weirdness & Mutations

You have a pair of horns on your head.
You regenerate a little health from kills.


Message History

Eustachio completely misses you.
The crimson imp hits you but does no damage.
You hit Eustachio. Your headbutt misses Eustachio.
Eustachio is lightly wounded.
Eustachio closely misses you. The crimson imp barely misses you.
You barely miss Eustachio.
Eustachio is lightly wounded.
Eustachio mumbles some strange words.
Eustachio blinks!
The crimson imp hits you.
You hit the white imp.
The white imp is lightly wounded.
The white imp gestures at you. The puff of frost misses you.
The crimson imp hits you but does no damage.
Eustachio closely misses you.
You puncture Eustachio! Your headbutt misses Eustachio.
Eustachio is moderately wounded.
Eustachio hits you with a +0 rapier! The white imp barely misses you.
The crimson imp completely misses you.
You barely miss Eustachio. You headbutt Eustachio.
Eustachio is heavily wounded.
Eustachio hits you with a +0 rapier! The white imp closely misses you.
The crimson imp hits you but does no damage.
The ufetubus hits you. x2
You puncture Eustachio!
Eustachio is heavily wounded.
The ufetubus disappears in a puff of smoke!
Eustachio hits you with a +0 rapier.
* * * LOW HITPOINT WARNING * * *
The white imp hits you but does no damage.
The crimson imp blinks!
Eustachio hits you with a +0 rapier.
* * * LOW HITPOINT WARNING * * *
You closely miss Eustachio.
Eustachio is heavily wounded.
The white imp hits you.
* * * LOW HITPOINT WARNING * * *
The white imp freezes you.
* * * LOW HITPOINT WARNING * * *
Eustachio completely misses you. The white imp hits you.
You die...

####### ##... .......
..... #.... ....... ......
#...... .###### #....
......... .# #....#
......... .# #.....
##........ .#
#.....##........< ##
#.5#....>.... .###
#.§@@........ ...##
##..5........ .....###
##.......(... .......##
##............ ........#
###†............
........###..##..........#
........##>.###..........#
........#..## ##........##
.........### ###......#


You could see Eustachio, a crimson imp (summoned) and a white imp (summoned).

Vanquished Creatures
  A phantom (D:3)
  A hound (D:4)
  Jessica (D:3)
  An orc wizard (D:4)
  6 adders
  2 worms
  8 orcs
  2 ball pythons
  5 endoplasms
  A giant cockroach (D:2)
  8 goblins
  4 hobgoblins
  4 jackals (D:2)
  8 kobolds
  5 quokkas
  4 bats (D:3)
  A frilled lizard (D:3)
  10 rats
72 creatures vanquished.

Notes
Turn   | Place    | Note
-------+----------+-------------------------------------------
     0 | D:1      | Eitelfritz the Demonspawn Gladiator began the quest for the
                  | Orb.
     0 | D:1      | Reached XP level 1. HP: 16/16 MP: 1/1
   213 | D:1      | Gained mutation: You have a pair of small horns on your
                  | head. [demonic ancestry]
   213 | D:1      | Reached XP level 2. HP: 22/22 MP: 2/2
   358 | D:1      | Reached skill level 3 in Polearms
   441 | D:1      | Found Kuehirepp's Antique Armour Emporium.
   737 | D:1      | Reached XP level 3. HP: 18/27 MP: 3/3
  1527 | D:2      | Gained mutation: You have a pair of horns on your head.
                  | [demonic ancestry]
  1527 | D:2      | Reached XP level 4. HP: 34/34 MP: 4/4
  1782 | D:3      | Noticed a phantom
  1793 | D:3      | Killed a phantom
  1794 | D:3      | Reached skill level 4 in Polearms
  1794 | D:3      | Reached skill level 1 in Armour
  1794 | D:3      | Gained mutation: You regenerate a little health from kills.
                  | [demonic ancestry]
  1794 | D:3      | Reached XP level 5. HP: 32/39 MP: 5/5
  1834 | D:3      | Noticed Jessica
  1850 | D:3      | Killed Jessica
  1936 | D:3      | Found a stormy altar of Qazlal.
  2184 | D:3      | Found a faded altar of an unknown god.
  2318 | D:3      | Found a sacrificial altar of Ru.
  2318 | D:3      | Found a hazy altar of Hepliaklqana.
  2944 | D:4      | Reached XP level 6. HP: 37/46 MP: 6/6
  2979 | D:4      | Noticed Eustachio
  2993 | D:4      | HP: 1/46 [white imp[Eustachio] (5)]
  2993 | D:4      | Slain by a white imp

Illustrated notes

Levels and vault maps discovered:
D:1:      heliophobic_arrival_henge, layout_basic, serial_shops, shop_fountains
D:2:      layout_rooms, kennysheep_generic_room_4
D:3:      layout_loops_cross, grunt_qazlal_sundering,
          gammafunk_temple_overflow_elements, nicolae_ecumenical_lake_church,
          kennysheep_nub, uniq_jessica
D:4:      layout_cave_pods, okawaru_altar_gauntlet_db,
          minmay_temple_entry_waves, uniq_menkaure, uniq_eustachio

Skill      XL: |  1  2  3  4  5 |
---------------+----------------+-----
Dodging        | 3 |  3.2
Polearms       | 3 4 |  4.7
Throwing       | 2 |  2.0
Armour         | 1 2 |  2.3
Fighting       | |  2.9
Stealth        | |  0.3

Action                   |  1- 3 |  4- 6 || total
-------------------------+-------+-------++-------
Melee: Trident           |   120 |   131 ||   251
       Headbutt          |     9 |    16 ||    25
       Punch             |     1 |     2 ||     3
 Stab: Sleeping          |     1 |       ||     1
Armor: Leather armour    |    17 |       ||    17
       Ring mail         |     3 |    39 ||    42
Dodge: Dodged            |    55 |    50 ||   105
